[Event "Late-Titled-Tuesday-Blitz-June-25-2024"]
[Site "Chess.com"]
[Date "2024.06.25"]
[Round "8"]
[White "bubeliang"]
[Black "theoneandonlydaaevik"]
[Result "1-0"]
[WhiteElo "2790"]
[BlackElo "2596"]
[TimeControl "180+1"]
[EndTime "15:24:13 PDT"]
[Termination "bubeliang won by resignation"]

1. e4 c5 2. c3 d5 3. exd5 Qxd5 4. d4 Nf6 5. Nf3 e6 6. Na3 Nc6 7. Be3 Ng4 8. Nc2 Be7 9. h3 cxd4 10. Bxd4 Nf6 11.
Bxf6 Qxd1+ 12. Rxd1 Bxf6 13. Ncd4 Nxd4 14. Nxd4 Bd7 15.
Be2 Bxd4 16. Rxd4 Bc6 17. f3 Ke7 18. Kf2 e5 19. Rd2 f6 20. Rhd1 Rhd8 21. Ke3 g5 22.
Rxd8 Rxd8 23. Rxd8 Kxd8 24. Bd3 h5 25. Be4 Kd7 26.
Bxc6+ bxc6 27. Ke4 Ke6 28. g4 hxg4 29. hxg4 Ke7 30.
Kf5 Kf7 31. b4 Ke7 32. c4 a6 33. a4 Kf7 34. b5 cxb5 35. cxb5 1-0

[Event "Late-Titled-Tuesday-Blitz-June-25-2024"]
[Site "Chess.com"]
[Date "2024.06.25"]
[Round "8"]
[White "Sic_Transit_GM"]
[Black "mouseslips_are_the_best"]
[Result "1-0"]
[WhiteElo "2538"]
[BlackElo "2370"]
[TimeControl "180+1"]
[EndTime "15:24:19 PDT"]
[Termination "Sic_Transit_GM won by resignation"]

1. e4 e6 2. d4 d5 3. Nd2 c5 4. exd5 exd5 5. Bb5+ Nc6 6. Qe2+ Be7 7. dxc5 Nf6 8.
Ngf3 O-O 9. O-O Bxc5 10. Nb3 Bb6 11. c3 Re8 12. Qd3 a6 13. Ba4 Bc7 14. Bg5 b5 15.
Bxb5 axb5 16. Qxb5 Qd6 17. Bxf6 gxf6 18. Nbd4 Nxd4 19.
Qxe8+ Kg7 20. cxd4 Bg4 21. Qxa8 Bxf3 22. g3 Qe6 23. Qa3 Qg4 24. Rfe1 h5 25. h3 Qf5 26.
Rac1 Bd6 27. Qe3 Be4 28. Kh2 h4 29. Rg1 Kh7 30. Rc6 Qd7 31. Rxd6 Qxd6 32. Qf4 Qxf4 33. gxf4 1-0

[Event "Late-Titled-Tuesday-Blitz-June-25-2024"]
[Site "Chess.com"]
[Date "2024.06.25"]
[Round "8"]
[White "Frankie_Badacsonyi"]
[Black "Akhayan"]
[Result "1/2-1/2"]
[WhiteElo "2499"]
[BlackElo "2400"]
[TimeControl "180+1"]
[EndTime "15:24:19 PDT"]
[Termination "Game drawn by agreement"]

1. d4 Nf6 2. c4 g6 3. Nc3 d5 4. e3 Bg7 5. Qb3 c5 6. cxd5 cxd4 7. exd4 O-O 8. Nf3 Nbd7 9. h3 Nb6 10. Bc4 Bf5 11.
O-O Rc8 12. Be2 Ne4 13. Be3 Nxc3 14. bxc3 Qxd5 15. Qxd5 Nxd5 16. c4 Nc3 17. Rfe1 Nxe2+ 18. Rxe2 Rxc4 19. Rb2 b6 20. a4 Rfc8 21. a5 Be4 22.
Ne5 Bxe5 23. dxe5 bxa5 24. Rxa5 R4c7 25. Rxa7 Rxa7 26. Bxa7 Bf5 27. g4 Be6 28. Be3 Bd5 29. Rb1 h5 30. gxh5 gxh5 31. Rc1 1/2-1/2

[Event "Late-Titled-Tuesday-Blitz-June-25-2024"]
[Site "Chess.com"]
[Date "2024.06.25"]
[Round "8"]
[White "maximnovik"]
[Black "Gabrielian_Artur"]
[Result "0-1"]
[WhiteElo "2522"]
[BlackElo "2727"]
[TimeControl "180+1"]
[EndTime "15:24:27 PDT"]
[Termination "Gabrielian_Artur won by resignation"]

1. e4 c5 2. Nf3 d6 3. c3 Nf6 4. h3 Nc6 5. Bd3 e5 6. O-O h6 7.
Bc2 g5 8. d4 g4 9. hxg4 Bxg4 10.
dxc5 Rg8 11. Re1 Nh5 12. Na3 Qf6 13. Kf1 O-O-O 14. cxd6 Bxd6 15. Qe2 Qg6 16. Nc4 Bh3 17. Nxd6+ Rxd6 18. Qc4 Qxg2+ 19. Ke2 Bg4 0-1

[Event "Late-Titled-Tuesday-Blitz-June-25-2024"]
[Site "Chess.com"]
[Date "2024.06.25"]
[Round "8"]
[White "Zq1"]
[Black "Fore_Man"]
[Result "0-1"]
[WhiteElo "2496"]
[BlackElo "2247"]
[TimeControl "180+1"]
[EndTime "15:24:28 PDT"]
[Termination "Fore_Man won by resignation"]

1. d4 Nf6 2. c4 e6 3. Nc3 d5 4.
Nf3 dxc4 5. Qa4+ Nbd7 6. e4 a6 7. Qxc4 b5 8. Qe2 Bb7 9. e5 Nd5 10. Bd2 c5 11. dxc5 Bxc5 12. Ne4 Be7 13. Bg5 Bxg5 14.
Nd6+ Kf8 15. Nxb7 Qc7 16. Nxg5 Qxb7 17. Qe4 Qc7 18. Nf3 Qa5+ 19. Nd2 Rc8 20. g3 Nc5 21.
Qf3 Nb4 22. Kd1 Rd8 23. Qc3 Ne4 24. Qa3 Rxd2+ 25. Ke1 Qxa3 0-1

[Event "Late-Titled-Tuesday-Blitz-June-25-2024"]
[Site "Chess.com"]
[Date "2024.06.25"]
[Round "8"]
[White "Charodej1"]
[Black "reevecanada"]
[Result "1-0"]
[WhiteElo "2519"]
[BlackElo "2694"]
[TimeControl "180+1"]
[EndTime "15:24:29 PDT"]
[Termination "Charodej1 won by checkmate"]

1. e4 b6 2. d4 Bb7 3. Nc3 e6 4. a3 d5 5. e5 c5 6. Nce2 cxd4 7. Nxd4 Nd7 8. f4 a6 9. Ngf3 h6 10. c3 Ne7 11. Bd3 g6 12. O-O Bg7 13. Qe2 Nc5 14. Bc2 O-O 15. g4 Nc6 16. f5 exf5 17. gxf5 Nxd4 18.
cxd4 Ne4 19. f6 Bh8 20. Bxh6 Re8 21. Qg2 Rc8 22. h4 Qc7 23. Rac1 Qd7 24. h5 Kh7 25. Be3 Rg8 26. Ng5+ Nxg5 27. Qxg5 Bg7 28. hxg6+ fxg6 29. Qxg6+ Kh8 30. Qh7# 1-0

[Event "Late-Titled-Tuesday-Blitz-June-25-2024"]
[Site "Chess.com"]
[Date "2024.06.25"]
[Round "8"]
[White "Queensandpawns"]
[Black "prxcess_brownie"]
[Result "1-0"]
[WhiteElo "2297"]
[BlackElo "2234"]
[TimeControl "180+1"]
[EndTime "15:24:34 PDT"]
[Termination "Queensandpawns won by resignation"]

1. e4 c5 2. Nf3 Nc6 3. Bb5 g6 4. Bxc6 bxc6 5. O-O Bg7 6. Nc3 e5 7. h3 Ne7 8. d3 O-O 9. Be3 d6 10. Qd2 f5 11. Bh6 f4 12. Bxg7 Kxg7 13. Ne2 h6 14. c3 Rb8 15. d4 cxd4 16. cxd4 Qc7 17. dxe5 dxe5 18. Qc3 Ba6 19. Rfe1 Rb5 20. a4 Rbb8 21.
Nxe5 Kh7 22. Ng4 h5 23. Nf6+ Kh6 24. e5 g5 25. h4 Ng6 26. hxg5+ Kxg5 27. Nd4 Nxe5 28.
Ne6+ 1-0

[Event "Late-Titled-Tuesday-Blitz-June-25-2024"]
[Site "Chess.com"]
[Date "2024.06.25"]
[Round "8"]
[White "h4parah5"]
[Black "Meri-Arabidze"]
[Result "0-1"]
[WhiteElo "2953"]
[BlackElo "2716"]
[TimeControl "180+1"]
[EndTime "15:24:42 PDT"]
[Termination "Meri-Arabidze won by resignation"]

1. Nf3 Nf6 2. c4 e6 3. b3 d5 4. Bb2 c5 5. cxd5 exd5 6. g3 Nc6 7. Bg2 Be7 8. O-O O-O 9. d4 Bg4 10. dxc5 Bxc5 11. Nc3 a6 12. Rc1 Ba7 13. h3 Bh5 14. e3 Re8 15. Ne2 Ne4 16. Nf4 Bxf3 17. Bxf3 d4 18.
Qc2 Nb4 19. Qb1 Nd2 20. Qf5 Nxf3+ 21. Kg2 Ne5 22. exd4 Ng6 23. d5 Nxf4+ 24. Qxf4 Nd3 0-1

[Event "Late-Titled-Tuesday-Blitz-June-25-2024"]
[Site "Chess.com"]
[Date "2024.06.25"]
[Round "8"]
[White "Tonychess32"]
[Black "SaraBlackPanther"]
[Result "0-1"]
[WhiteElo "2553"]
[BlackElo "2740"]
[TimeControl "180+1"]
[EndTime "15:24:48 PDT"]
[Termination "SaraBlackPanther won by resignation"]

1. e4 c5 2. Nf3 g6 3. c3 d5 4.
exd5 Qxd5 5. d4 Bg7 6. Be2 Nc6 7. Be3 cxd4 8. cxd4 Nf6 9. Nc3 Qa5 10. O-O O-O 11. h3 Rd8 12. Qc1 Bf5 13. a3 Rac8 14. b4 Qc7 15.
Nb5 Qd7 16. Qb2 Nd5 17. Rac1 Nxe3 18. fxe3 Bh6 19. Qb3 a6 20. Nc3 Bxe3+ 21. Kh1 Bxc1 22. Rxc1 Nxd4 23. Nxd4 Qxd4 24. Rd1 Qe5 25. Rxd8+ Rxd8 26. Bf3 Rd3 27. Qd5 Rxd5 0-1

[Event "Late-Titled-Tuesday-Blitz-June-25-2024"]
[Site "Chess.com"]
[Date "2024.06.25"]
[Round "8"]
[White "protectiago"]
[Black "jcmesafischer"]
[Result "1-0"]
[WhiteElo "2145"]
[BlackElo "2349"]
[TimeControl "180+1"]
[EndTime "15:25:04 PDT"]
[Termination "protectiago won on time"]

1. d4 Nf6 2. c4 e6 3. g3 d5 4. Nf3 Be7 5. Bg2 O-O 6. O-O dxc4 7.
Ne5 Nc6 8. Bxc6 bxc6 9. Nxc6 Qd7 10. Nxe7+ Qxe7 11. Qa4 e5 12. dxe5 Qxe5 13. Qxc4 Be6 14. Qd3 Rad8 15. Qe3 Qh5 16. f3 Rfe8 17. Qg5 Qh3 18.
Nc3 Bc4 19. Rf2 h6 20. Qf4 Nd5 21. Qxc4 Nxc3 22. Bf4 1-0

[Event "Late-Titled-Tuesday-Blitz-June-25-2024"]
[Site "Chess.com"]
[Date "2024.06.25"]
[Round "8"]
[White "Boundless_Strike"]
[Black "Viktoker"]
[Result "0-1"]
[WhiteElo "2718"]
[BlackElo "2529"]
[TimeControl "180+1"]
[EndTime "15:25:05 PDT"]
[Termination "Viktoker won on time"]

1. d4 f5 2. e4 fxe4 3. Nc3 Nf6 4. Bg5 g6 5. f3 d5 6. fxe4 Nxe4 7. Nxe4 dxe4 8.
Bc4 Nc6 9. c3 Bg7 10. a4 Qd6 11. Qe2 Be6 12. Nh3 O-O 13. Nf4 Bxc4 14. Qxc4+ Kh8 15.
O-O e5 16. dxe5 Nxe5 17. Qxe4 Rae8 18. Rae1 Qb6+ 19. Kh1 h6 20. Nd5 Qc6 21. Bf4 Ng4 22.
Qxe8 Rxe8 23. Rxe8+ Qxe8 24. Bg3 Qe2 0-1

[Event "Late-Titled-Tuesday-Blitz-June-25-2024"]
[Site "Chess.com"]
[Date "2024.06.25"]
[Round "8"]
[White "N_I_Chess"]
[Black "PNEPaul"]
[Result "1-0"]
[WhiteElo "2258"]
[BlackElo "1952"]
[TimeControl "180+1"]
[EndTime "15:25:06 PDT"]
[Termination "N_I_Chess won by resignation"]

1. d4 a6 2. c4 d6 3. e4 g6 4.
Nc3 h6 5. f4 Bg7 6. Nf3 Nd7 7.
Bd3 e6 8. O-O Ne7 9. Kh1 O-O 10.
Be3 b6 11. Qd2 Kh7 12. h3 Bb7 13. Rae1 Nf6 14. Kh2 d5 15. cxd5 exd5 16. e5 Ne4 17.
Qe2 Nxc3 18. bxc3 c5 19. g4 f5 20. exf6 Bxf6 21. Ne5 Bxe5 22. fxe5 Nc6 23. g5 Qe7 24.
Rf6 Nxe5 25. dxe5 Qxe5+ 26. Bf4 Qxe2+ 27. Rxe2 Rxf6 28. Re7+ Kg8 29. gxf6 1-0

[Event "Late-Titled-Tuesday-Blitz-June-25-2024"]
[Site "Chess.com"]
[Date "2024.06.25"]
[Round "8"]
[White "subham777"]
[Black "Yaacovn"]
[Result "1-0"]
[WhiteElo "2553"]
[BlackElo "2670"]
[TimeControl "180+1"]
[EndTime "15:25:07 PDT"]
[Termination "subham777 won on time"]

1. e4 c6 2. c4 d5 3. cxd5 Nf6 4. Nc3 cxd5 5. exd5 Nxd5 6. Nf3 e6 7. d4 Be7 8.
Bd3 Nf6 9. O-O O-O 10. Re1 Nc6 11. h4 b6 12. h5 h6 13. Ne5 Bb7 14. Be3 Nb4 15. Bb1 Rc8 16. a3 Nbd5 17. Ne4 Nxe3 18. Rxe3 Nxe4 19. Bxe4 Bxe4 20. Rxe4 Qd5 21. Qf3 Bf6 22. Ng4 Be7 23. Ne5 1-0

[Event "Late-Titled-Tuesday-Blitz-June-25-2024"]
[Site "Chess.com"]
[Date "2024.06.25"]
[Round "8"]
[White "Brown_Mamba24"]
[Black "CoachVadim"]
[Result "1-0"]
[WhiteElo "2562"]
[BlackElo "2408"]
[TimeControl "180+1"]
[EndTime "15:25:15 PDT"]
[Termination "Brown_Mamba24 won by resignation"]

1. d4 d5 2. Nf3 Nf6 3. c4 c6 4. Nbd2 Bf5 5. Nh4 Bc8 6. Nhf3 Bf5 7. Nh4 Bc8 8. Qb3 dxc4 9. Qxc4 b5 10. Qd3 Bb7 11. e4 a6 12. e5 Nd5 13. e6 fxe6 14.
Nhf3 c5 15. dxc5 Nd7 16. Ne4 Qc7 17. Be3 Nb4 18. Qb1 Rc8 19. a3 Nd5 20. b4 Nxe3 21.
fxe3 g6 22. Neg5 Qc6 23. Bd3 Bh6 24. Bxg6+ hxg6 25. Qxg6+ Kd8 26. Nxe6+ 1-0

[Event "Late-Titled-Tuesday-Blitz-June-25-2024"]
[Site "Chess.com"]
[Date "2024.06.25"]
[Round "8"]
[White "Juliana_Figueira"]
[Black "LidongW"]
[Result "0-1"]
[WhiteElo "1990"]
[BlackElo "2341"]
[TimeControl "180+1"]
[EndTime "15:25:17 PDT"]
[Termination "LidongW won by resignation"]

1. d4 Nf6 2. c4 c5 3. d5 d6 4. Nc3 g6 5. e4 Bg7 6. f4 O-O 7. Nf3 e6 8. Bd3 exd5 9. cxd5 Re8 10. O-O Bg4 11. h3 Bxf3 12. Qxf3 a6 13. a4 Nbd7 14. a5 b5 15. axb6 Qxb6 16. Na4 Qb4 17. Nc3 Qd4+ 18. Kh2 c4 19. Bc2 Qb6 20. Be3 Qxb2 21.
Bd4 Qxc2 22. Rfc1 Qd3 23. Qf2 Nxe4 24. Nxe4 Bxd4 25. Rd1 Bxf2 26. Rxd3 Rxe4 27. Rda3 Nc5 28. R3a2 Bd4 29. Rc1 Be3 30. Rca1 Bxf4+ 31. g3 Be5 0-1

[Event "Late-Titled-Tuesday-Blitz-June-25-2024"]
[Site "Chess.com"]
[Date "2024.06.25"]
[Round "8"]
[White "SujanaLohani"]
[Black "Cheer_Down"]
[Result "1-0"]
[WhiteElo "2311"]
[BlackElo "2466"]
[TimeControl "180+1"]
[EndTime "15:25:19 PDT"]
[Termination "SujanaLohani won by resignation"]

1. e4 e6 2. d3 d5 3. Nd2 c5 4. Ngf3 Nc6 5. g3 Nf6 6. Bg2 Be7 7. Qe2 O-O 8. O-O Qc7 9. Re1 b5 10. b3 Bb7 11. Bb2 Rfd8 12. e5 Nd7 13. c4 bxc4 14.
dxc4 Nb6 15. Rac1 dxc4 16. Nxc4 Ba6 17. h4 Nxc4 18. bxc4 Rab8 19. Ba1 Rb4 20. Qe4 h6 21. g4 Na5 22. Bf1 Bb7 23. Qf4 Bxf3 24. Qxf3 Bxh4 25.
Bd3 Bg5 26. Rc2 Nc6 27. Qe4 g6 28. f4 Be7 29. f5 Nd4 30. fxg6 Nxc2 31. gxf7+ Kxf7 32. Qg6+ Kf8 33. Rf1+ 1-0

[Event "Late-Titled-Tuesday-Blitz-June-25-2024"]
[Site "Chess.com"]
[Date "2024.06.25"]
[Round "8"]
[White "RodriQA"]
[Black "UnTucopalaTimba"]
[Result "1-0"]
[WhiteElo "2400"]
[BlackElo "2123"]
[TimeControl "180+1"]
[EndTime "15:25:20 PDT"]
[Termination "RodriQA won by resignation"]

1. Nf3 d5 2. g3 Nf6 3. Bg2 e6 4. O-O Be7 5. c4 dxc4 6. Na3 Bxa3 7. bxa3 b5 8. Ne5 c6 9. Nxc6 Qb6 10. Nxb8 Rxb8 11. a4 O-O 12. axb5 Rd8 13. a4 c3 14. d3 a6 15. Be3 Qa5 16. Bf4 Bb7 17. Bxb8 Rxb8 18. Bxb7 Rxb7 19. Qb3 Nd5 20. Qc4 Rc7 21. Qd4 h6 22. e4 Nb4 23. Qd8+ Kh7 24. Rfc1 Qb6 25. Rxc3 Rb7 26. Qxb6 Rxb6 27. Rb1 a5 28. Kf1 Kg6 29. Ke2 Kf6 30. f4 e5 31. Rxb4 axb4 32.
Rc6+ 1-0

[Event "Late-Titled-Tuesday-Blitz-June-25-2024"]
[Site "Chess.com"]
[Date "2024.06.25"]
[Round "8"]
[White "konradrutkowski"]
[Black "dennisodessa"]
[Result "0-1"]
[WhiteElo "2511"]
[BlackElo "2661"]
[TimeControl "180+1"]
[EndTime "15:25:25 PDT"]
[Termination "dennisodessa won by resignation"]

1. e4 e6 2. d3 c5 3. Nd2 Nc6 4. Ngf3 g6 5. g3 Bg7 6. Bg2 d6 7. O-O Nge7 8. c3 O-O 9. Re1 b5 10. Nf1 b4 11. Bd2 a5 12. h4 Ba6 13. Qc2 Rb8 14. Rab1 Ne5 15. Nxe5 dxe5 16. c4 Nc6 17. Be3 Nd4 18. Bxd4 cxd4 19. b3 f5 20. exf5 exf5 21. Nh2 Qc7 22. Nf3 Bb7 23. Qe2 Rbe8 24. Nd2 Bxg2 25. Kxg2 Qb7+ 26. f3 Bh6 27. Rb2 Qe7 28.
f4 Qb7+ 29. Qf3 Qxf3+ 30. Kxf3 exf4 31. gxf4 Rxe1 0-1

[Event "Late-Titled-Tuesday-Blitz-June-25-2024"]
[Site "Chess.com"]
[Date "2024.06.25"]
[Round "8"]
[White "Yurovskykh_Oleksandr"]
[Black "koncheto"]
[Result "1-0"]
[WhiteElo "2625"]
[BlackElo "2571"]
[TimeControl "180+1"]
[EndTime "15:25:35 PDT"]
[Termination "Yurovskykh_Oleksandr won by resignation"]

1. d4 Nf6 2. Nf3 e6 3. Bf4 c5 4. c3 d5 5. e3 Bd6 6. Bg3 Qc7 7. dxc5 Qxc5 8. Nbd2 O-O 9. Bd3 Qc7 10. Qe2 Nc6 11. e4 dxe4 12. Bxe4 Bd7 13. Bc2 Ne7 14. O-O-O Bxg3 15. hxg3 Bc6 16. Rh2 h6 17. Ne5 Rad8 18. g4 Bb5 19. c4 Rd5 20. f4 Rc5 21. g5 hxg5 22. Rdh1 Ng6 23. Bxg6 1-0

[Event "Late-Titled-Tuesday-Blitz-June-25-2024"]
[Site "Chess.com"]
[Date "2024.06.25"]
[Round "8"]
[White "djano"]
[Black "Talent-OF-Slovenia"]
[Result "1-0"]
[WhiteElo "2582"]
[BlackElo "2452"]
[TimeControl "180+1"]
[EndTime "15:25:35 PDT"]
[Termination "djano won by resignation"]

1. e4 e6 2. d4 d5 3. Bd3 dxe4 4.
Bxe4 c6 5. c3 Nf6 6. Bc2 Nbd7 7.
Nf3 Bd6 8. Nbd2 O-O 9. Qe2 e5 10. Nc4 Bb8 11. dxe5 Nd5 12. Qd3 g6 13. O-O Nc5 14.
Qd4 Ne6 15. Qe4 Nc5 16. Qe2 Bg4 17. h3 Bxf3 18. Qxf3 Nd7 19. e6 fxe6 20. Qg4 Qe8 21. Bh6 Rf7 22. Rae1 e5 23. Ne3 N7f6 24. Qh4 Nxe3 25.
fxe3 Qe7 26. Bg5 Kg7 27. Qh6+ Kg8 28. Bb3 1-0

[Event "Late-Titled-Tuesday-Blitz-June-25-2024"]
[Site "Chess.com"]
[Date "2024.06.25"]
[Round "8"]
[White "1g60-1"]
[Black "GrotBchess"]
[Result "0-1"]
[WhiteElo "2465"]
[BlackElo "2592"]
[TimeControl "180+1"]
[EndTime "15:25:38 PDT"]
[Termination "GrotBchess won by resignation"]

1. e4 c5 2. Nf3 e6 3. d4 cxd4 4. Nxd4 Nc6 5. Nc3 Qc7 6. Ndb5 Qb8 7. g3 a6 8. Nd4 Nf6 9. Bg2 Qc7 10.
O-O Nxd4 11. Qxd4 Bc5 12. Qd3 Ng4 13. Bf4 Ne5 14. Qe2 h5 15. h4 b5 16. Rfe1 Bb7 17. a3 d6 18. Bxe5 dxe5 19. Kh2 g6 20. Rf1 Rd8 21.
Rad1 Rd4 22. f4 exf4 23. Rxf4 Rxd1 24. Nxd1 Bd6 25. Rf3 O-O 26. Rd3 Be5 27. Nc3 Rd8 28. Rxd8+ Qxd8 29. Kh3 Bxc3 30. bxc3 Qc7 31. Qd3 e5 32.
Qe3 Bc8+ 33. Kh2 Be6 34. Bf3 Kg7 35. Qg5 Qxc3 36. g4 hxg4 37. Bxg4 Bxg4 38. Qxg4 Qxc2+ 39. Kh3 Qc3+ 40. Kh2 Qxa3 41. Qg5 Qb2+ 42. Kh3 Qc3+ 43. Kh2 Qc2+ 44. Kg1 Qxe4 45. h5 Qf5 0-1

[Event "Late-Titled-Tuesday-Blitz-June-25-2024"]
[Site "Chess.com"]
[Date "2024.06.25"]
[Round "8"]
[White "NigiriSushies"]
[Black "toninhojit"]
[Result "0-1"]
[WhiteElo "2276"]
[BlackElo "2506"]
[TimeControl "180+1"]
[EndTime "15:25:41 PDT"]
[Termination "toninhojit won on time"]

1. g3 c5 2. Bg2 Nc6 3. Nf3 g6 4. O-O Bg7 5. c3 e5 6. d4 cxd4 7. cxd4 exd4 8. Nbd2 Nge7 9. Nb3 Qb6 10. Bg5 Nf5 11. Rc1 O-O 12. Bf4 Re8 13. g4 Nfe7 14.
Bd6 a5 15. Bc5 Qc7 16. Nbxd4 d5 17. Nb5 Qf4 18. Bd6 Qxg4 19. Nc7 Be6 20. Nxa8 Rxa8 21. Bxe7 Nxe7 22. Rc7 Nf5 23. Rxb7 h6 24. a3 a4 25. Rb4 Qh5 26. Rxa4 Rd8 27. Rb4 d4 28. a4 g5 29. a5 g4 30. Ne1 Be5 31. f4 Ne3 32. Qd2 Nxf1 33. Bxf1 Bd6 34. Rxd4 Bc5 35. e3 Bxd4 36.
exd4 Bd5 37. a6 Re8 0-1

[Event "Late-Titled-Tuesday-Blitz-June-25-2024"]
[Site "Chess.com"]
[Date "2024.06.25"]
[Round "8"]
[White "Piriflillo"]
[Black "Maus7"]
[Result "0-1"]
[WhiteElo "2524"]
[BlackElo "2665"]
[TimeControl "180+1"]
[EndTime "15:25:43 PDT"]
[Termination "Maus7 won by resignation"]

1. Nf3 Nf6 2. b3 d6 3. Bb2 e5 4. e3 Be7 5. c4 O-O 6. Nc3 Re8 7. d4 e4 8. Nd2 Bf8 9. h3 c6 10. d5 Nbd7 11. g4 Nc5 12. g5 Nfd7 13. h4 a5 14. Qc2 Qe7 15. a3 Ne5 16. Ncxe4 Bf5 17. Bg2 Ned3+ 18. Ke2 Nxb2 19. Qxb2 Nxe4 20. Nf3 cxd5 21.
Nd4 Bg4+ 22. Kf1 dxc4 23. bxc4 Rac8 24. Qc2 d5 25. Bxe4 Qxe4 26. Qxe4 dxe4 27. Rg1 Be6 28. Nxe6 Rxe6 29. Rc1 b5 30. c5 Rxc5 31. Rxc5 Bxc5 32. Ke2 Bxa3 33. Rd1 g6 34. Rd5 Rb6 35. Rd8+ Bf8 36.
Re8 a4 37. Rxe4 a3 38. Re8 Ra6 0-1

[Event "Late-Titled-Tuesday-Blitz-June-25-2024"]
[Site "Chess.com"]
[Date "2024.06.25"]
[Round "8"]
[White "MarkusRagger"]
[Black "smallbaba"]
[Result "0-1"]
[WhiteElo "2785"]
[BlackElo "2632"]
[TimeControl "180+1"]
[EndTime "15:25:47 PDT"]
[Termination "smallbaba won by resignation"]

1. d4 Nf6 2. c4 g6 3. Nc3 Bg7 4. e4 d6 5. Nf3 O-O 6. Be2 e5 7. O-O Nc6 8. dxe5 dxe5 9. Bg5 Bg4 10. Qxd8 Nxd8 11. Bxf6 Bxf6 12. Nd5 Kg7 13. Nxc7 Rc8 14. Nd5 Bxf3 15. gxf3 Bg5 16. Rfd1 Ne6 17. Kf1 Rfd8 18.
h3 Nf4 19. Nxf4 Bxf4 20. Rd5 Rxd5 21. exd5 Kf6 22. Rd1 Ke7 23. Bd3 Kd6 24. Ke2 a5 25. Rb1 b6 26. b4 a4 27. Rb2 Bc1 28. Rb1 Bf4 29. Kd1 f5 30. Rb2 e4 31. fxe4 fxe4 32. Be2 Be5 33. Rc2 Bd4 34. Bf3 exf3 35.
Kd2 Bxf2 36. Kd3 Be1 37. Kd4 Bxb4 0-1

[Event "Late-Titled-Tuesday-Blitz-June-25-2024"]
[Site "Chess.com"]
[Date "2024.06.25"]
[Round "8"]
[White "Flawless_Fighter"]
[Black "TERMINATOR_PC"]
[Result "1/2-1/2"]
[WhiteElo "2779"]
[BlackElo "2601"]
[TimeControl "180+1"]
[EndTime "15:25:48 PDT"]
[Termination "Game drawn by repetition"]

1. d4 f5 2. g3 g6 3. Bg2 Nf6 4. Nd2 Bg7 5. e4 fxe4 6. Nxe4 Nxe4 7. Bxe4 d5 8. Bg2 O-O 9. f4 c6 10. Nf3 Nd7 11. O-O Nf6 12. c3 Ne4 13. Be3 Qb6 14. Qc2 Bf5 15. Qe2 Bg4 16. Rae1 Rae8 17. Qc2 Bf5 18.
Qc1 a5 19. Kh1 a4 20. a3 h5 21. Nd2 Nd6 22. h3 Bf6 23. Kh2 e6 24. Nf3 Ne4 25. Ne5 Qc7 26. Qd1 Qg7 27. g4 hxg4 28.
hxg4 Bxe5 29. fxe5 Qh7+ 30. Kg1 Qh4 31. gxf5 exf5 32.
Bxe4 fxe4 33. Qe2 Rf3 34. Rxf3 exf3 35. Qf2 Qg4+ 36. Kf1 Qh3+ 37. Kg1 Qg4+ 38. Kf1 Qh3+ 39. Kg1 Qg4+ 1/2-1/2

[Event "Late-Titled-Tuesday-Blitz-June-25-2024"]
[Site "Chess.com"]
[Date "2024.06.25"]
[Round "8"]
[White "corvachesky"]
[Black "th3d4rkness"]
[Result "1-0"]
[WhiteElo "2472"]
[BlackElo "2257"]
[TimeControl "180+1"]
[EndTime "15:25:48 PDT"]
[Termination "corvachesky won by resignation"]

1. Nf3 Nf6 2. b3 g6 3. Bb2 Bg7 4. e3 d6 5. Be2 e5 6. d4 e4 7. Nfd2 d5 8. c4 c6 9. Nc3 O-O 10. O-O h5 11. Rc1 a6 12. cxd5 cxd5 13. Na4 Bf5 14. Ba3 Re8 15. Qc2 Nbd7 16. Qc7 Rc8 17. Qxb7 Rxc1 18. Rxc1 a5 19. Ba6 h4 20. Qb5 h3 21. Rc8 Qxc8 22. Bxc8 Rxc8 23. Qxa5 Rc2 24. Nc5 Rxa2 25. Nxd7 Bxd7 26. Qb4 Ra1+ 27. Nf1 Bg4 28.
Bb2 Rb1 29. Qd2 hxg2 30. Kxg2 Bf3+ 31. Kg1 Rd1 32. Qc2 Ng4 33. Ba3 Nxh2 34. Kxh2 Rxf1 35.
Qc8+ Bf8 36. Qxf8+ Kh7 37. Qxf7+ Kh6 38. Bf8+ Kh5 39. Qxd5+ g5 40. Qf7+ Kg4 41. Qe6+ Kh5 42. Qh3+ 1-0

[Event "Late-Titled-Tuesday-Blitz-June-25-2024"]
[Site "Chess.com"]
[Date "2024.06.25"]
[Round "8"]
[White "dropstoneDP"]
[Black "GelmanAlexander"]
[Result "1-0"]
[WhiteElo "3011"]
[BlackElo "2711"]
[TimeControl "180+1"]
[EndTime "15:25:55 PDT"]
[Termination "dropstoneDP won by resignation"]

1. e4 c5 2. Nf3 e6 3. b3 a6 4. Bb2 b6 5. Nc3 Bb7 6. d4 cxd4 7. Nxd4 Qc7 8. Qe2 Bb4 9. Qe3 Ne7 10. O-O-O Nbc6 11.
Nxc6 Bxc6 12. Kb1 O-O 13. Qd4 Bxc3 14. Qxc3 f6 15. f3 Rfc8 16. Bd3 Bb5 17. Qxc7 Rxc7 18. c4 Bc6 19. h4 Kf7 20. h5 b5 21. h6 g6 22. Rc1 Rac8 23. c5 a5 24. g4 b4 25.
Rhd1 g5 26. e5 f5 27. Rf1 Rg8 28. f4 gxf4 29. Rxf4 Rxg4 30. Rxg4 fxg4 31. Bxh7 g3 32. Bd3 g2 33. h7 Rc8 34. Bd4 Rh8 35. Kb2 Nf5 36. Bxf5 exf5 37. e6+ dxe6 38. Bxh8 Kg6 39.
Bd4 Kxh7 40. Re1 Bd5 41. c6 Bxc6 42. Rxe6 Be4 43. Ra6 1-0

[Event "Late-Titled-Tuesday-Blitz-June-25-2024"]
[Site "Chess.com"]
[Date "2024.06.25"]
[Round "8"]
[White "LikeWater"]
[Black "JulbeNn"]
[Result "0-1"]
[WhiteElo "2679"]
[BlackElo "2561"]
[TimeControl "180+1"]
[EndTime "15:25:55 PDT"]
[Termination "JulbeNn won by checkmate"]

1. e4 c5 2. c3 d6 3. d4 Nf6 4.
Qd3 e6 5. dxc5 dxc5 6. Qxd8+ Kxd8 7. f3 Nc6 8. Be3 Kc7 9. Nd2 b6 10. Nc4 Nd7 11. Bf4+ e5 12. Bg3 Bb7 13. Nh3 f6 14. Nf2 h5 15. h4 g6 16. Ne3 Ne7 17. Bc4 Bh6 18. Ke2 Rad8 19. Rhd1 Bxe3 20. Kxe3 Nc8 21. Bd5 Bc6 22. b4 Nd6 23. a4 Rhe8 24. a5 bxa5 25.
bxc5 Nxc5 26. Rxa5 Bxd5 27. Rxc5+ Bc6 28. Nd3 Nb7 29. Rc4 a5 30. Rb1 Ra8 31. f4 Nd6 32.
Rc5 exf4+ 33. Nxf4 Nf5+ 34. Kf2 Nxg3 35. Kxg3 Rxe4 36.
Rd1 Kb6 37. Nd3 Re3+ 38. Kf4 Rxd3 39. Rxc6+ Kxc6 40. Rxd3 a4 41. Rd1 Kc5 42. Ke3 Kc4 43.
Rd6 a3 44. Rxf6 a2 45. Ke4 a1=Q 46. Ke5 Qxc3+ 47. Kd6 Qxf6+ 48. Kc7 Ra7+ 49. Kb8 Qb6+ 50. Kc8 Qc7# 0-1

[Event "Late-Titled-Tuesday-Blitz-June-25-2024"]
[Site "Chess.com"]
[Date "2024.06.25"]
[Round "8"]
[White "Arystanner"]
[Black "Sanan_Sjugirov"]
[Result "1/2-1/2"]
[WhiteElo "2838"]
[BlackElo "2999"]
[TimeControl "180+1"]
[EndTime "15:25:57 PDT"]
[Termination "Game drawn by repetition"]

1. e4 c5 2. Nf3 d6 3. d4 cxd4 4.
Nxd4 Nf6 5. Nc3 a6 6. Be2 e5 7. Nb3 Be7 8. Qd3 Be6 9. O-O O-O 10. Rd1 Nbd7 11. Nd5 Bxd5 12. exd5 Ne8 13. a4 Bg5 14. a5 f5 15. c4 Rc8 16. Qh3 g6 17. Bd2 Bxd2 18. Nxd2 Nef6 19. b4 Qe7 20. Rac1 Kg7 21.
Nb3 Ne4 22. Qe3 Ng5 23. Qa7 f4 24. Bg4 h5 25. Bxd7 Qxd7 26. f3 Kh6 27. h4 Nh7 28. Nd2 Nf6 29. Qf2 Rg8 30. Ne4 Nxe4 31. fxe4 g5 32.
c5 gxh4 33. Qxh4 Rg4 34. Qf6+ Rg6 35. Qf5 Qg7 36. Qxc8 Rxg2+ 37. Kh1 Qg3 38. Qe6+ Kh7 39. Qf7+ Kh6 40. Qf6+ Kh7 41. Qf7+ Kh6 42. Qf6+ Kh7 43. Qf7+ 1/2-1/2